 Dungeon Crawl Stone Soup version 0.25.1-2-g60ff931df9 (webtiles) character file.

Game seed: 9570017992800516779

166 Chimkentus the Sneak (level 5, -5/36 HPs)
             Began as an Octopode Assassin on Aug 13, 2020.
             Was a Follower of Ashenzari.
             Slain by a gnoll
             ... wielding a +0 spear
              (8 damage)
             ... on level 3 of the Dungeon on Aug 15, 2020.
             The game lasted 00:15:09 (3266 turns).

Chimkentus the Sneak (Octopode Assassin)            Turns: 3266, Time: 00:15:10

Health: -5/36      AC:  1    Str: 11    XL:     5   Next: 47%
Magic:  5/5        EV: 13    Int: 14    God:    Ashenzari [*.....]
Gold:   177        SH:  0    Dex: 13    Spells: 4/4 levels left

rFire    . . .     SeeInvis .   a - +2 dagger
rCold    . . .     Gourm    .   (no shield)
rNeg     . . .     Faith    .   (helmet restricted)
rPois    .         Spirit   .   (no amulet)
rElec    .         Reflect  .   (no ring)
rCorr    .         Harm     .   (no ring)
MR       .....                  (no ring)
Stlth    ++++......             (no ring)
HPRegen  0.12/turn              (no ring)
MPRegen  0.09/turn              (no ring)
                                (no ring)
                                (no ring)

@: about to teleport, slowed, very slow
A: almost no armour, stealthy swim, amphibious, 8 rings, constrict 8, camouflage
1, gelatinous body 1
a: Curse Item, Scrying, Renounce Religion


You were on level 3 of the Dungeon.
You worshipped Ashenzari.
Ashenzari was aware of your devotion.
You were not hungry.

You visited 1 branch of the dungeon, and saw 3 of its levels.

You collected 177 gold pieces.

Inventory:

Hand Weapons
 a - a +2 dagger (weapon)
 i - a +0 falchion
 j - a +0 short sword
 m - a +0 hunting sling
Missiles
 b - 3 poisoned darts (quivered)
 c - a curare-tipped dart
 e - 122 stones
 g - 41 arrows
 h - 56 bolts
Scrolls
 f - 2 scrolls of teleportation
 k - 2 scrolls of amnesia {unknown}
 l - a scroll of fog {unknown}
 n - a scroll of random uselessness {unknown}
 p - 2 scrolls of identify {unknown}
 s - a scroll of enchant armour {unknown}
Potions
 q - a potion of heal wounds {unknown}
 r - 2 potions of mutation {unknown}
Comestibles
 d - 10 rations
 o - 2 chunks of flesh


   Skills:
 * Level 2.8 Fighting
 + Level 2.7 Short Blades
 + Level 2.9 Throwing
 * Level 2.3 Dodging
 + Level 6.6 Stealth


You had 4 spell levels left.
You didn't know any spells.
Your spell library was empty.

Dungeon Overview and Level Annotations

Branches:
Dungeon (3/15)

Altars:
Ashenzari
Cheibriados
Okawaru
Qazlal
Wu Jian

Annotations:
D:3 Natasha


Innate Abilities, Weirdness & Mutations

You cannot wear most types of armour.
You are very stealthy in the water. (Stealth+)
You are amphibious.
You can wear up to eight rings at the same time.
You can use your tentacles to constrict eight enemies at once.
Your skin changes colour to match your surroundings (Stealth+).
Your rubbery body absorbs attacks. (AC +1, EV +1)


Message History

You throw a poisoned dart.
The poisoned dart barely misses the gnoll.
You feel sick.
The gnoll hits you from afar with a +0 spear!
Natasha hisses angrily.
Natasha casts a spell at you.
You feel yourself slow down.
The gnoll hits you from afar with a +0 spear.
* * * LOW HITPOINT WARNING * * *
You feel sick.
Natasha mumbles some strange words.
The gnoll hits you from afar with a +0 spear.
* * * LOW HITPOINT WARNING * * *
You feel sick.
You are no longer poisoned.
Natasha mumbles some strange words.
As you read the scroll of teleportation, it crumbles to dust.
You feel strangely unstable.
The gnoll hits you from afar with a +0 spear!
You die...

#.### ### ### #... #.
#..# #. .# #..# #. .#
#..# #l ###.##### #..#
#. ........# #..#
#.......# #..#
##########h......## ....
.......@.g5....... ...#
##########.......#.#...#
#.......#.##
#..........h
#.##........ #.##(##.#
#.(.(##.#.# ###..g....#
#...#.###


You could see Natasha, a gnoll and a crimson imp (summoned).

Vanquished Creatures
  Natasha (D:3)
  Robin (D:2)
  2 gnolls (D:3)
  4 adders
  A worm (D:2)
  A dart slug (D:2)
  4 leopard geckos
  An orc (D:3)
  2 giant cockroaches
  9 goblins
  6 hobgoblins
  7 jackals
  7 kobolds
  A quokka (D:2)
  A ball python (D:2)
  5 bats
  A frilled lizard (D:1)
  7 rats
61 creatures vanquished.

Notes
Turn   | Place    | Note
-------+----------+-------------------------------------------
     0 | D:1      | Chimkentus the Octopode Assassin began the quest for the
                  | Orb.
     0 | D:1      | Reached XP level 1. HP: 14/14 MP: 1/1
   492 | D:1      | Reached XP level 2. HP: 19/19 MP: 2/2
  1072 | D:2      | Reached skill level 6 in Stealth
  1101 | D:2      | Reached XP level 3. HP: 16/24 MP: 3/3
  1419 | D:2      | Found a stormy altar of Qazlal.
  1467 | D:2      | Found an iron altar of Okawaru.
  1607 | D:2      | Found a snail-covered altar of Cheibriados.
  2222 | D:2      | Noticed Robin
  2225 | D:2      | Killed Robin
  2225 | D:2      | Reached XP level 4. HP: 29/30 MP: 4/4
  2340 | D:3      | Found an ornate altar of the Wu Jian Council.
  2921 | D:3      | Found a faded altar of an unknown god.
  2932 | D:3      | Reached XP level 5. HP: 35/35 MP: 5/5
  2938 | D:3      | Became a worshipper of Ashenzari the Shackled
  2938 | D:3      | Reached * piety under Ashenzari
  2982 | D:3      | Noticed Natasha
  2989 | D:3      | Killed Natasha
  3246 | D:3      | Noticed Natasha
  3266 | D:3      | Slain by a gnoll

Illustrated notes

Levels and vault maps discovered:
D:1:      dpeg_arrival_stone_temple_mockup, layout_basic, minmay_misc_feat_five
D:2:      layout_loops_cross, lemuel_crystal_altar, lemuel_crystal_altar,
          chequers_arboretum, okawaru_trees_2, uniq_robin
D:3:      layout_loops_ring, marbit_many_paths, nicolae_overflow_crystal_walls,
          chequers_ecumenical_altar_simple_redux, corexii_hall_statues_i,
          uniq_natasha, uniq_sigmund

Skill      XL: |  1  2  3  4 |
---------------+-------------+-----
Stealth        | 6 |  6.6
Dodging        | 2 |  2.3
Fighting       | |  2.8
Short Blades   | |  2.7
Throwing       | |  2.9

Action                   |  1- 3 |  4- 6 || total
-------------------------+-------+-------++-------
Melee: Dagger            |    62 |    67 ||   129
       Constrict         |    11 |    17 ||    28
       Tentacles         |     6 |    10 ||    16
Throw: Dart              |    33 |    18 ||    51
       Stone             |     4 |       ||     4
  Use: Scroll            |       |     2 ||     2
       Potion            |       |     1 ||     1
 Stab: Sleeping          |    10 |     2 ||    12
  Eat: Chunk             |     1 |     3 ||     4
       Ration            |     1 |       ||     1
Armor: Skin              |     6 |     4 ||    10
Dodge: Dodged            |    40 |    30 ||    70
